 Dungeon Crawl Stone Soup version 0.31-a0-920-g28cbb04a8c (webtiles) character file.

Game seed: 17198443118728350724

26577 Joey1 the Severer (level 12, 0/103 (108) HPs)
             Began as a Minotaur Berserker on Oct 13, 2023.
             Was an Elder of Trog.
             Killed from afar by a rime drake (9 damage)
             ... with an icy flash freeze
             ... while petrified by a basilisk
             ... on level 3 of the Lair of Beasts on Oct 17, 2023.
             The game lasted 00:33:07 (14625 turns).

Joey1 the Severer (Minotaur Berserker)             Turns: 14625, Time: 00:33:08

HP:   0/103 (108)   AC: 19    Str: 26    XL:     12   Next: 99%
MP:   11/11         EV:  2    Int:  4    God:    Trog [****..]
Gold: 1180          SH:  0    Dex: 11    Spells: 11/11 levels left

rFire   . . .        R - +1 war axe (heavy)
rCold   . . .        V - +0 kite shield
rNeg    + + +        I - +4 chain mail
rPois   ∞            (helmet restricted)
rElec   .            (no cloak)
rCorr   +            Q - +1 pair of gloves
SInv    .            G - +1 pair of boots {Fly}
Will    ++...        d - amulet of reflection Stlth
                     h - ring of resist corrosion
HPRegen 1.37/turn    (no ring)
MPRegen 0.12/turn

%: reflection
@: petrified, strong-willed, flying, regenerating, lightly drained
A: horns 2, retaliatory headbutt
a: Renounce Religion, Berserk, Trog's Hand, Brothers in Arms


You were on level 3 of the Lair of Beasts.
You worshipped Trog.
Trog was greatly pleased with you.
You visited 3 branches of the dungeon, and saw 14 of its levels.
You also visited: Bailey.

You collected 1252 gold pieces.
You spent 72 gold pieces at shops.

Inventory:

Hand Weapons
 a - a +0 hand axe
 r - a +0 war axe
 K - the +8 shortbow of Due Proportion {speed, Will+ Str+3}
   (You found it in a bailey)

   Str+3:     It affects your strength (+3).
   Will+:     It increases your willpower.
 N - the +8 morningstar "Wur Xuuwk" {flame, rCorr Str+2}
   (You found it on level 7 of the Dungeon)

   Str+2:     It affects your strength (+2).
   rCorr:     It protects you from acid and corrosion.
 R - a +1 heavy war axe (weapon)
 S - a +2 hand axe of freezing
Missiles
 k - 40 boomerangs
 t - 14 poisoned darts
 L - 3 curare-tipped darts
Armour
 b - a +0 animal skin
 j - a +0 ring mail
 l - a +0 buckler
 n - a +0 chain mail
 G - a +1 pair of boots of flying (worn)
 I - a +4 chain mail (worn)
 J - a +0 plate armour
 Q - a +1 pair of gloves (worn)
 V - a +0 kite shield (worn)
Jewellery
 d - an amulet of reflection (around neck)
 g - a ring of ice
 h - a ring of resist corrosion (left hand)
 Y - an amulet of magic regeneration
Wands
 o - a wand of polymorph (14)
 O - a wand of digging (3)
 P - a wand of paralysis (5)
 W - a wand of mindburst (5)
 Z - a wand of flame (5)
Scrolls
 e - a scroll of torment {unknown}
 m - a scroll of brand weapon
 v - 2 scrolls of amnesia
 w - a scroll of fear
 x - 3 scrolls of teleportation {unknown}
 y - 2 scrolls of fog
 A - a scroll of poison {unknown}
 C - a scroll of immolation {unknown}
 H - a scroll of noise {unknown}
 M - 2 scrolls of enchant weapon {unknown}
 T - a scroll of vulnerability {unknown}
 X - a scroll of silence {unknown}
Potions
 c - 3 potions of resistance {unknown}
 f - 5 potions of curing
 i - 3 potions of lignification
 p - 3 potions of haste
 q - a potion of magic {unknown}
 s - a potion of might {unknown}
 u - a potion of invisibility {unknown}
 z - 3 potions of degeneration {unknown}
 B - a potion of heal wounds
 D - a potion of attraction {unknown}
 F - 4 potions of enlightenment
 U - 2 potions of mutation {unknown}
Miscellaneous
 E - a lightning rod (4/4)


   Skills:
 + Level 10.9 Fighting
 - Level 16.0 Axes
 + Level 6.8 Armour
 + Level 4.5 Dodging
 + Level 15.5 Shields
 * Level 4.8 Evocations


You had 11 spell levels left.
You didn't know any spells.
Your spell library was empty.

Dungeon Overview and Level Annotations

Branches:
Dungeon (10/15)            Temple (1/1) D:5            Lair (3/5) D:9
 Shoals (0/4) Lair:2        Snake (0/4) Lair:3       Bailey (visited)
    Orc: D:9-12

Altars:
Ashenzari
Cheibriados
Dithmenos
Elyvilon
Fedhas
Gozag
Hepliaklqana
Kikubaaqudgha
Makhleb
Nemelex Xobeh
Qazlal
Ru
Sif Muna
Trog
Uskayaw
Vehumet
Wu Jian
Xom
Yredelemnul
Zin
The Shining One

Shops:
D:4 ?   D:7 *

Annotations:
D:3 3 runed translucent doors, Warped's ghost, amateur DjGl
D:6 1 runed translucent door, Crazy Yiuf
D:10 Joseph


Innate Abilities, Weirdness & Mutations

You have a pair of horns on your head.
You reflexively headbutt those who attack you in melee.


Message History

The hell rat bites you!
* * * LOW HITPOINT WARNING * * *
The hell rat barely misses you. The rime drake bites you.
The manticore bites you.
* * * LOW HITPOINT WARNING * * *
The manticore claws you but does no damage.
The manticore claws you.
* * * LOW HITPOINT WARNING * * *
The basilisk gazes at you. You resist with almost no effort.
The hell rat bites you!
* * * LOW HITPOINT WARNING * * *
The rime drake bites you but does no damage.
The manticore bites you but does no damage.
The manticore claws you but does no damage. x2
A basilisk comes into view.
The basilisk gazes at you. You resist with almost no effort.
The ice encasing you melts away.
The rime drake bites you but does no damage.
The hell rat bites you!
* * * LOW HITPOINT WARNING * * *
The manticore bites you!!
* * * LOW HITPOINT WARNING * * *
The manticore barely misses you. The manticore claws you.
* * * LOW HITPOINT WARNING * * *
The basilisk gazes at you. You resist with almost no effort.
The rime drake bites you but does no damage.
The hell rat bites you but does no damage.
The manticore bites you!
* * * LOW HITPOINT WARNING * * *
The manticore claws you but does no damage. x2
The basilisk gazes at you. You resist with almost no effort.
The basilisk gazes at you. You resist with almost no effort.
The rime drake breathes ice at you. The icy flash freeze hits you!!
You die...

...........## ##.#
##.P..~≈≈ .......##...
##..# #........
........#### #..##
##.#..#.# .....P.#.#
##..# ###.#### ..†...####
#..## ### ......## ##.P#
.......## ### ##...#
........###.#####†..##
.....##.......ll@...##
.....#.#......rkHr...##
...#####........l.....##
...
##P.†.............l###
.##
#..................... #
###..................###
#.....................#
##.....................#
##.....................##


You could see a manticore, 4 basilisks, a rime drake (catching breath) and 2
hell rats.

Vanquished Creatures
  A hydra (Lair:3)
  A boulder beetle (Lair:2)
  Urug (Lair:1)
  Pikel (D:4)
  A salamander (Lair:3)
  5 elephants
  2 black mambas (Lair:2)
  A torpor snail (Lair:1)
  7 cane toads
  5 komodo dragons
  5 rime drakes
  A merfolk (Lair:2)
  An efreet (D:9)
  A troll (D:9)
  A polar bear (Lair:2)
  A hornet (D:9)
  3 blink frogs (Lair:3)
  A spriggan (Lair:1)
  A shadow (D:9)
  27 yaks
  5 wyverns
  2 basilisks
  10 vampire mosquitoes
  2 nagas (Lair:3)
  2 steam dragons
  2 wargs (D:9)
  2 acid dragons
  12 water moccasins
  Duvessa (D:4)
  2 swamp drakes (Lair:3)
  2 black bears
  11 orc warriors
  3 ice beasts
  3 ogres
  4 wolves (Lair:3)
  5 centaurs
  3 lemures (D:4)
  A kobold brigand (D:7)
  3 scorpions
  9 bullfrogs
  3 necrophages (D:7)
  A wyvern zombie (D:7)
  9 wights
  Dowan (D:4)
  5 killer bees (D:9)
  A centaur zombie (D:7)
  A human zombie (D:7)
  6 hounds
  9 orc priests
  2 sleepcaps (D:5)
  3 iguanas
  Jessica (D:2)
  2 hell rats (Lair:3)
  6 orc wizards
  A killer bee zombie (D:7)
  2 howler monkey zombies (D:7)
  A mummy (D:7)
  4 gnolls
  7 adders
  A shadow imp (D:6)
  10 ufetubi
  4 worms
  2 dart slugs (D:1)
  33 orcs
  6 ball pythons
  5 bats
  7 endoplasms
  2 giant cockroaches
  10 goblins
  9 hobgoblins
  8 jackals
  17 kobolds
  2 quokkas
  4 frilled lizards
  5 rats
341 creatures vanquished.

Vanquished Creatures (collateral kills)
  Sonja (Lair:3)
  3 merfolk (Lair:2)
4 creatures vanquished.

Grand Total: 345 creatures vanquished

Notes
Turn   | Place    | Note
-------+----------+-------------------------------------------
     0 | D:1      | Joey1 the Minotaur Berserker began the quest for the Orb.
     0 | D:1      | Reached XP level 1. HP: 19/19 MP: 0/0
    15 | D:1      | Upgraded the game from 0.31-a0-876-gfe8ebadbca to
                  | 0.31-a0-920-g28cbb04a8c
   151 | D:1      | Reached skill level 4 in Axes
   151 | D:1      | Reached XP level 2. HP: 27/27 MP: 1/1
   837 | D:1      | Reached XP level 3. HP: 27/33 MP: 2/2
   844 | D:1      | Reached ** piety under Trog
  1465 | D:2      | Found a burning altar of Makhleb.
  1780 | D:2      | Noticed Jessica
  1857 | D:2      | Killed Jessica
  1858 | D:2      | Reached skill level 5 in Axes
  1858 | D:2      | Reached XP level 4. HP: 41/41 MP: 3/3
  2302 | D:3      | Reached skill level 1 in Shields
  2482 | D:3      | Reached XP level 5. HP: 41/47 MP: 4/4
  2873 | D:3      | Noticed Warped's ghost (amateur DjGl)
  2883 | D:3      | Found a runed translucent gate.
  2883 | D:3      | Found a runed translucent gate.
  2885 | D:3      | Found a runed translucent gate.
  3449 | D:4      | Reached skill level 6 in Axes
  3623 | D:4      | Noticed Dowan
  3625 | D:4      | Noticed Duvessa
  3631 | D:4      | Killed Duvessa
  3632 | D:4      | Reached skill level 5 in Fighting
  3632 | D:4      | Reached XP level 6. HP: 56/56 MP: 5/5
  3633 | D:4      | Killed Dowan
  3769 | D:4      | Noticed Pikel
  3790 | D:4      | Killed Pikel
  3791 | D:4      | Reached skill level 8 in Axes
  3791 | D:4      | Reached skill level 5 in Armour
  3791 | D:4      | Reached skill level 5 in Shields
  3791 | D:4      | Reached XP level 7. HP: 44/61 MP: 6/6
  4195 | D:4      | Found The Oracle's Delphic Readings.
  4197 | D:4      | Reached *** piety under Trog
  4202 | D:4      | Bought a scroll of identify for 24 gold pieces
  4202 | D:4      | Bought a scroll of fog for 48 gold pieces
  4398 | D:5      | Entered Level 5 of the Dungeon
  4416 | D:5      | Reached XP level 8. HP: 51/68 MP: 7/7
  4475 | D:5      | Reached skill level 9 in Axes
  4739 | D:5      | Reached skill level 10 in Axes
  5084 | D:5      | You fall into a shaft and drop 1 floor!
  5127 | D:5      | Found a broken altar of Ashenzari.
  5242 | D:5      | Found a staircase to the Ecumenical Temple.
  5272 | D:5      | Reached skill level 11 in Axes
  5789 | Temple   | Entered the Ecumenical Temple
  6233 | D:6      | Reached skill level 12 in Axes
  6596 | D:6      | Reached XP level 9. HP: 66/74 MP: 8/8
  6635 | D:6      | Found a runed translucent door.
  6636 | D:6      | Noticed Crazy Yiuf
  7001 | D:7      | Reached **** piety under Trog
  7005 | D:7      | Found a flagged portal.
  7017 | Bailey   | Entered a bailey
  7165 | Bailey   | Reached skill level 13 in Axes
  7488 | Bailey   | Reached skill level 14 in Axes
  7707 | Bailey   | Identified the +8 shortbow of Due Proportion {speed, Will+
                  | Str+3}
  7829 | D:7      | Found Guiw's Neck Hole.
  8036 | D:7      | Found a white marble altar of Elyvilon.
  8058 | D:7      | Identified the +8 morningstar "Wur Xuuwk" {flame, rCorr
                  | Str+2}
  8283 | D:7      | Reached XP level 10. HP: 79/86 MP: 9/9
  8319 | D:7      | Found a basalt altar of Yredelemnul.
  8500 | D:8      | Found an ornate altar of the Wu Jian Council.
  8712 | D:8      | Reached ***** piety under Trog
  8747 | D:8      | Reached skill level 15 in Axes
  8985 | D:8      | Found a glowing golden altar of the Shining One.
  8995 | D:8      | Found an opulent altar of Gozag.
  9548 | D:9      | Found a shadowy altar of Dithmenos.
  9586 | D:9      | Found a staircase to the Lair.
  9919 | D:9      | Found a sparkling altar of Nemelex Xobeh.
 10316 | D:10     | Entered Level 10 of the Dungeon
 10351 | D:10     | Reached skill level 16 in Axes
 10370 | D:10     | Reached skill level 10 in Fighting
 10420 | D:10     | Noticed Joseph
 10462 | Lair:1   | Entered Level 1 of the Lair of Beasts
 10606 | Lair:1   | Noticed a cane toad
 10619 | Lair:1   | Killed a cane toad
 10620 | Lair:1   | Reached XP level 11. HP: 74/99 MP: 10/10
 11058 | Lair:1   | Noticed Urug
 11067 | Lair:1   | Killed Urug
 11324 | Lair:1   | Reached skill level 10 in Shields
 12378 | Lair:2   | Noticed a boulder beetle
 12392 | Lair:2   | Killed a boulder beetle
 12393 | Lair:2   | Reached XP level 12. HP: 80/106 MP: 11/11
 12857 | Lair:2   | Received a gift from Trog
 12919 | Lair:2   | Reached skill level 15 in Shields
 13262 | Lair:2   | Found a staircase to the Shoals.
 13283 | Lair:2   | Reached skill level 1 in Evocations
 14220 | Lair:3   | Noticed Sonja
 14228 | Lair:3   | Killed Sonja
 14329 | Lair:3   | Noticed a six-headed hydra
 14429 | Lair:3   | Found a staircase to the Snake Pit.
 14483 | Lair:3   | Killed a six-headed hydra
 14625 | Lair:3   | Killed from afar by a rime drake

Illustrated notes

Levels and vault maps discovered:
D:1:      onia_arrival_pentagram, layout_basic, minmay_pentomino_o4
D:2:      layout_loops_corners, basic_altar, nicolae_wormholes, uniq_jessica
D:3:      layout_basic, serial_rivers, chequers_serial_rivers_room_a,
          chequers_serial_rivers_micro_b, chequers_serial_rivers_micro_e,
          chequers_serial_rivers_large_a, gammafunk_ghost_split
D:4:      layout_loops_ring, nicolae_nh_oracle_at_delphi, uniq_duvessa,
          uniq_pikel
D:5:      layout_loops_ring, mainiacjoe_overflow_boulevard,
          minmay_temple_entry_grid
D:6:      layout_loops_ring, uniq_crazy_yiuf_cottage
D:7:      layout_rooms, mainiacjoe_overflow_catwalk,
          lemuel_mausoleum_altar_yredelemnul, enter_bailey_3,
          nicolae_shop_sticking_my_neck_out
D:8:      layout_loops_ring, nzn_wu_jian_contemplation,
          mainiacjoe_overflow_big_doors
D:9:      layout_long_grid, old_standard_altar,
          grunt_dithmenos_smoke_and_mirrors, erik_lair_orcish_takeover
D:10:     layout_rooms, mainiacjoe_overflow_six_doors_small, orc_0_dummy,
          david_defended_altar_orc, uniq_joseph, uniq_snorg
Temple:   nicolae_temple_bog_church
Lair:1:   layout_loops_ring, bh_autumn_forest_stairs, st_stairs_9,
          grunt_forest_large_clearing_hut, uniq_urug
Lair:2:   layout_regular_city, elwin_shoals_entry_stream, grunt_megastairs_2
Lair:3:   layout_cave_pods, alex1729_snake_entry_snake, special_room
          [special_room_mythical_zoo], pond, lemuel_fruit_fields, uniq_sonja

Skill      XL: |  1  2  3  4  5  6  7  8  9 10 11 12 |
---------------+-------------------------------------+-----
Axes           | 4 5 6 8 12 14 16 | 16.0
Fighting       | 4 5 7 10 | 10.9
Armour         | 3 4 5 6 |  6.8
Shields        | 1 2 5 7 14 15 | 15.5
Evocations     | 4 |  4.8
Dodging        | 4 |  4.5

Action                     |  1- 3 |  4- 6 |  7- 9 | 10-12 || total
---------------------------+-------+-------+-------+-------++-------
  Melee: Hand axe          |    86 |   139 |   261 |       ||   486
         Headbutt          |    11 |    17 |    57 |    77 ||   162
         Punch             |     1 |       |       |       ||     1
         War axe           |       |       |    83 |   391 ||   474
         Morningstar       |       |       |       |     3 ||     3
 Invoke: Trog's Hand       |     1 |     1 |     1 |     4 ||     7
         Berserk           |       |     3 |     2 |     5 ||    10
         Brothers in Arms  |       |       |       |     2 ||     2
    Use: Scroll            |       |       |     7 |       ||     7
         Potion            |       |       |     1 |     3 ||     4
 Armour: Animal skin       |    35 |       |       |       ||    35
         Ring mail         |     5 |       |       |       ||     5
         Chain mail        |     3 |    77 |   200 |   380 ||   660
  Dodge: Dodged            |    28 |    44 |   113 |   153 ||   338
  Block: Other             |    10 |       |       |       ||    10
         Buckler           |     5 |    45 |   161 |   159 ||   370
         Reflection        |       |     1 |    18 |    15 ||    34
         Kite shield       |       |       |       |   149 ||   149

Table legend: (Time is in decaauts)
 A = Elapsed time spent in this place.
 B = Non-inter-level travel time spent in this place.
 C = Inter-level travel time spent in this place.
 D = Time resting spent in this place.
 E = Time spent auto-exploring this place.
 F = Levels seen in this place.
 G = Mean time per level.
                   A        B        C        D        E       F      G
               +--------+--------+--------+--------+--------+-----+--------+
         Total |  14701 |  14034 |    667 |   1937 |   9218 |  15 |  980.1 |
       Dungeon |   9686 |   9106 |    580 |    767 |   6907 |  10 |  968.6 |
        Temple |      1 |      1 |      0 |      0 |      0 |   1 |    1.0 |
          Lair |   4230 |   4143 |     87 |    939 |   2158 |   3 | 1410.0 |
        Bailey |    782 |    782 |      0 |    231 |    153 |   1 |  782.0 |
               +--------+--------+--------+--------+--------+-----+--------+

Top non-repeatable levels by time:
  Lair:1: 1772 daAuts
  Lair:2: 1373 daAuts
     D:3: 1346 daAuts
     D:1: 1331 daAuts
     D:6: 1153 daAuts
     D:5: 1124 daAuts
     D:9: 1086 daAuts
  Lair:3: 1085 daAuts
     D:4: 1083 daAuts
     D:2: 937 daAuts
     D:8: 829 daAuts
  Bailey: 782 daAuts
     D:7: 679 daAuts
    D:10: 115 daAuts
  Temple: 1 daAuts
